 Dungeon Crawl Stone Soup version 0.26-a0-652-gafc20e3620 (webtiles) character file.

Game seed: 2472608764082381247

84 robertstho the Firebug (level 4, -7/24 HPs)
             Began as a Tengu Fire Elementalist on Oct 3, 2020.
             Killed by nerve-wracking pain
             ... invoked by an orc priest
              (13 damage)
             ... on level 3 of the Dungeon.
             The game lasted 00:04:34 (2646 turns).

robertstho the Firebug (Tengu Fire Elementalist)    Turns: 2646, Time: 00:04:35

Health: -7/24      AC:  2    Str:  8    XL:     4   Next: 45%
Magic:  2/8        EV: 15    Int: 16    God:
Gold:   88         SH:  0    Dex: 15    Spells: 3/7 levels left

rFire    . . .     SeeInvis .   b - +0 dagger
rCold    . . .     Faith    .   (no shield)
rNeg     . . .     Spirit   .   a - +0 robe
rPois    .         Reflect  .   (helmet restricted)
rElec    .         Harm     .   (no cloak)
rCorr    .         Rampage  .   (no gloves)
MR       .....                  (boots unavailable)
Stlth    ++........             (no amulet)
HPRegen  0.08/turn              (no ring)
MPRegen  0.11/turn              (no ring)

@: about to teleport, flying quickly and evasively, quick
A: beak, talons 3
a: no special abilities


You were on level 3 of the Dungeon.
You visited 1 branch of the dungeon, and saw 3 of its levels.

You collected 88 gold pieces.

Inventory:

Hand Weapons
 b - a +0 dagger (weapon)
Missiles
 j - 19 poisoned darts (quivered)
Armour
 a - a +0 robe (worn)
Jewellery
 d - an uncursed amulet of reflection {unknown}
 e - an uncursed amulet of the acrobat {unknown}
Potions
 c - a potion of flight


   Skills:
 + Level 2.5 Dodging
 + Level 2.2 Stealth
 + Level 2.4 Spellcasting
 * Level 2.7 Conjurations
 * Level 4.6 Fire Magic


You had 3 spell levels left.
You knew the following spells:

 Your Spells              Type           Power        Failure   Level
a - Foxfire               Conj/Fire      ##..         4%          1
b - Conjure Flame         Conj/Fire      ##......     13%         3

Your spell library contained the following spells:

 Spells                   Type           Power        Failure   Level
 Inner Flame              Hex/Fire       #.......     24%         3
 Sticky Flame             Conj/Fire      ##......     41%         4
 Fireball                 Conj/Fire      ##........   77%         5


Dungeon Overview and Level Annotations

Branches:
Dungeon (3/15)

Altars:


Innate Abilities, Weirdness & Mutations

You have a beak for a mouth.
You have claws for feet.


Message History

You feel strangely unstable.
It was a scroll of teleportation.
The orc priest closely misses you. The orc priest barely misses you.
The orc completely misses you.
It was a potion of flight.
You feel very buoyant.
You swoop lightly up into the air.
The orc priest completely misses you. The orc closely misses you.
The orc priest hits you from afar with a +0 trident.
* * * LOW HITPOINT WARNING * * *
You aren't carrying any items that you can evoke.
As you read the scroll labeled XANYP NOAN, it crumbles to dust.
You hear the chiming of a distant gong.
It was a scroll of random uselessness.
The orc priest closely misses you. The orc hits you but does no damage.
The orc priest misses you.
You closely miss the orc priest. You peck the orc priest.
The orc priest is moderately wounded.
The orc priest mumbles some strange prayers to Beogh against you.
Pain shoots through your body!
Ouch! That really hurt!
You die...

♣..♣♣♣#######
♣♣..♣♣......#
###♣♣♣.♣#####.# ###
..........####.# ....
...............#
PP..#
.###.##.#.###..##..o♣
#. #...# #o)....P♣ #
#.#.###o#P..♣♣.P
#.#...o@#..P♣
#.#######PP♣♣ #. #P♣.
.♣ .♣ ..


You could see 2 orc priests and an orc.

Vanquished Creatures
  2 adders (D:2)
  4 worms (D:2)
  A leopard gecko (D:2)
  4 orcs
  A ball python (D:1)
  4 giant cockroaches
  4 goblins
  8 hobgoblins
  A quokka (D:2)
  7 bats
  4 frilled lizards
  5 kobolds
  4 rats
49 creatures vanquished.

Vanquished Creatures (others)
  172 foxfires
  12 plants (D:3)
184 creatures vanquished.

Grand Total: 233 creatures vanquished

Notes
Turn   | Place    | Note
-------+----------+-------------------------------------------
     0 | D:1      | robertstho the Tengu Fire Elementalist began the quest for
                  | the Orb.
     0 | D:1      | Reached XP level 1. HP: 10/10 MP: 4/4
    94 | D:1      | Reached XP level 2. HP: 15/15 MP: 3/6
   269 | D:1      | Reached skill level 4 in Fire Magic
   525 | D:1      | Reached XP level 3. HP: 8/19 MP: 3/7
   530 | D:1      | Learned a level 3 spell: Conjure Flame
  1567 | D:2      | Reached XP level 4. HP: 19/24 MP: 5/8
  2646 | D:3      | Killed from afar by an orc priest

Illustrated notes

Levels and vault maps discovered:
D:1:      dpeg_arrival_fog, layout_basic
D:2:      layout_basic, minmay_domino_4
D:3:      layout_loops_corners, ebering_ghost_sewer_d, serial_forest,
          infiniplex_forest_clump_medium, infiniplex_forest_clump_curved,
          infiniplex_forest_end_1, infiniplex_forest_clump_C,
          infiniplex_forest_clump_small, infiniplex_forest_clump_large,
          infiniplex_forest_clump_large, infiniplex_forest_zigzag_2,
          infiniplex_forest_clump_cross, chequers_serial_rivers_small_b

Skill      XL: |  1  2  3 |
---------------+----------+-----
Fire Magic     | 4 |  4.6
Conjurations   | 2 |  2.7
Dodging        | |  2.5
Stealth        | |  2.2
Spellcasting   | |  2.4

Action                   |  1- 3 |  4- 6 || total
-------------------------+-------+-------++-------
Melee: Dagger            |     9 |     6 ||    15
       Peck              |     1 |     3 ||     4
       Kick              |     1 |     1 ||     2
 Cast: Foxfire           |    71 |    44 ||   115
  Use: Scroll            |       |     3 ||     3
       Potion            |       |     3 ||     3
Armor: Robe              |     4 |     2 ||     6
Dodge: Dodged            |     8 |    18 ||    26

Table legend: (Time is in decaauts)
 A = Elapsed time spent in this place.
 B = Non-inter-level travel time spent in this place.
 C = Inter-level travel time spent in this place.
 D = Time resting spent in this place.
 E = Time spent auto-exploring this place.
 F = Levels seen in this place.
 G = Mean time per level.
                   A        B        C        D        E       F      G
               +--------+--------+--------+--------+--------+-----+--------+
         Total |   2645 |   2563 |     82 |      0 |   2200 |   3 |  881.7 |
       Dungeon |   2645 |   2563 |     82 |      0 |   2200 |   3 |  881.7 |
               +--------+--------+--------+--------+--------+-----+--------+

Top non-repeatable levels by time:
     D:2: 1430 daAuts
     D:1: 943 daAuts
     D:3: 270 daAuts
